 Dungeon Crawl Stone Soup version 0.23-a0-650-ga4d50d4 (console) character file.

30 bli the Chopper (level 3, 0/29 HPs)
             Began as a Formicid Abyssal Knight on Jan 4, 2019.
             Was a Believer of Lugonu.
             Succumbed to an adder's poison
             ... on level 2 of the Dungeon.
             The game lasted 00:03:36 (661 turns).

bli the Chopper (Formicid Abyssal Knight)            Turns: 661, Time: 00:03:37

Health: 0/29       AC:  3    Str: 16    XL:     3   Next: 37%
Magic:  4/4        EV: 11    Int: 11    God:    Lugonu [**....]
Gold:   82         SH:  0    Dex: 11    Spells: 2/2 levels left

rFire    . . .     SeeInvis +   a - +1 hand axe
rCold    . . .     Gourm    .   (no shield)
rNeg     . . .     Faith    .   b - +0 leather armour
rPois    .         Spirit   .   (helmet unavailable)
rElec    .         Reflect  .   (no cloak)
rCorr    .         Harm     .   (no gloves)
MR       .....                  (no boots)
Stlth    +.........             (no amulet)
HPRegen  0.09/turn              (no ring)
MPRegen  0.09/turn              (no ring)

@: lethally poisoned (0 -> -15)
A: permanent stasis, dig shafts and tunnels, four strong arms, antennae 3
a: Dig, Shaft Self, Depart the Abyss, Bend Space, Renounce Religion


You were on level 2 of the Dungeon.
You worshipped Lugonu.
Lugonu was pleased with you.
You were not hungry.

You visited 1 branch of the dungeon, and saw 2 of its levels.
You visited the Abyss 1 time.

You collected 82 gold pieces.

Inventory:

Hand Weapons
 a - a +1 hand axe (weapon)
 e - a +0 whip
 m - a +0 mace
 p - a +0 hunting sling
Missiles
 g - 43 stones (quivered)
Armour
 b - a +0 leather armour (worn)
Scrolls
 d - 3 scrolls of teleportation {unknown}
 i - 7 scrolls of identify {unknown}
 j - a scroll of blinking {unknown}
 k - a scroll of enchant armour {unknown}
Potions
 h - a potion of agility {unknown}
 l - a potion of heal wounds {unknown}
 n - a potion of haste {unknown}
 o - a potion of ambrosia {unknown}
Comestibles
 c - a ration
 f - 4 chunks of flesh


   Skills:
 - Level 3.2 Fighting
 + Level 3.5 Axes
 - Level 2.1 Armour
 - Level 0.8 Dodging
 - Level 2.1 Invocations


You had 2 spell levels left.
You didn't know any spells.
Your spell library was empty.

Dungeon Overview and Level Annotations

Branches:
Dungeon (2/15)

Altars:


Innate Abilities, Weirdness & Mutations

You cannot be hasted, slowed, berserked, paralysed or teleported.
You can dig through walls and to a lower floor.
Your four strong arms can wield two-handed weapons with a shield.
You have a pair of large antennae on your head. (SInv)


Message History

You feel sick. The adder bites you but does no damage.
The giant cockroach The adder bites you but does no damage.
You closely miss the adder.
The adder is almost dead.
You barely miss the giant cockroach.
* * * LOW HITPOINT WARNING * * *
You feel sick. The giant cockroach closely misses you.
The adder bites you but You closely miss the adder.
The adder is almost dead.
You hit the giant cockroach.
You kill the giant cockroach!
Lugonu accepts your kill.
* * * LOW HITPOINT WARNING * * *
You feel sick. The adder bites you.
* * * LOW HITPOINT WARNING * * *
You are more poisoned.
The adder poisons you! The adder closely misses you.
You hit the adder but do no damage.
The adder is almost dead.
You die...

......... ...
.......#.... .#
#.#....#.... .###.
....#...... #....#..
#.#..#....
.........####.#...?#.# ..
...................#.##..
..... . #...).†S.......
.# ...####.##@##....# ##
...............## #
#####..........# #####
##.........# ....##
###<........#
###..#####...........#
##.##....#....)....#
##.#..####.............
###..................####
....########.........#
##### #.........#


You could see an adder.

Vanquished Creatures
  A worm (D:2)
  A leopard gecko (D:1)
  3 giant cockroaches
  3 goblins
  3 hobgoblins (D:1)
  3 jackals (D:1)
  A quokka (D:2)
  A bat (D:1)
  A frilled lizard (D:1)
  2 kobolds (D:1)
  5 rats (D:1)
24 creatures vanquished.

Notes
Turn   | Place    | Note
-------+----------+-------------------------------------------
     0 | Abyss:1  | bli the Formicid Abyssal Knight began the quest for the
                  | Orb.
     0 | Abyss:1  | Reached XP level 1. HP: 18/18 MP: 2/2
    37 | Abyss:1  | Noticed a small abomination
    45 | Abyss:1  | Noticed a fire crab
    45 | Abyss:1  | a shapeshifter changed into a fire crab
    92 | D:1      | Escaped the Abyss
   142 | D:1      | Reached XP level 2. HP: 16/24 MP: 3/3
   460 | D:1      | Reached XP level 3. HP: 28/29 MP: 4/4
   466 | D:1      | Reached ** piety under Lugonu
   660 | D:2      | HP: 1/29 [adder (2)]
   661 | D:2      | Succumbed to an adder's poison

Vault maps used:
D:1:      wander_arrival_peaceful_grave
D:2:      tso_altar, first_ration, chequers_ecumenical_altar_simple_redux,
          minmay_misc_feat_rows, uniq_natasha

Skill      XL: |  1  2 |
---------------+-------+-----
Axes           | 3 |  3.5
Fighting       | |  3.2
Armour         | |  2.1
Dodging        | |  0.8
Invocations    | |  2.1

Action                   || total
-------------------------++-------
Melee: Hand axe          ||    79
Armor: Leather armour    ||    30
Dodge: Dodged            ||    50

Table legend:
 A = Non-vault XP
 B = Vault XP
 C = Vault XP percentage of total XP
 D = Non-vault monster count
 E = Vault monster count
 F = Vault count percentage of total count
                 A         B        C        D         E       F
            +---------+---------+-------+---------+---------+-------
      Total |      44 |       0 |   0.0 |      24 |       0 |   0.0
            +---------+---------+-------+---------+---------+-------
        D:1 |      31 |       0 |   0.0 |      19 |       0 |   0.0
        D:2 |      13 |       0 |   0.0 |       5 |       0 |   0.0
            +---------+---------+-------+---------+---------+-------
